 Dungeon Crawl Stone Soup version 0.28-a0-1227-ga9037bb4c8 (webtiles) character file.

Game seed: 15553693582972542734

32 PlayingRandomsOnly the Sneak (level 3, -2/33 HPs)
             Began as a Draconian Delver on Dec 22, 2021.
             Slain by Ijyb (5 damage)
             ... on level 2 of the Dungeon.
             The game lasted 00:09:31 (728 turns).

PlayingRandomsOnly the Sneak (Draconian Delver)      Turns: 728, Time: 00:09:31

Health: -2/33      AC:  5    Str: 16    XL:     3   Next: 10%
Magic:  3/3        EV: 12    Int: 10    God:
Gold:   11         SH:  0    Dex: 12    Spells: 2/2 levels left

rFire   . . .      SeeInvis .   a - +0 spear
rCold   . . .      Faith    .   (no shield)
rNeg    . . .      Spirit   .   (armour unavailable)
rPois   .          Reflect  .   (helmet restricted)
rElec   .          Harm     .   (no cloak)
rCorr   .          Rampage  .   (no gloves)
Will    .....                   (no boots)
Stlth   +++.......              (no amulet)
HPRegen 0.11/turn               (no ring)
MPRegen 0.08/turn               (no ring)

@: no status effects
A: AC +5, unfitting armour, cold-blooded
a: no special abilities


You were on level 2 of the Dungeon.
You visited 1 branch of the dungeon, and saw 4 of its levels.

You collected 11 gold pieces.

Inventory:

Hand Weapons
 a - a +0 spear (weapon)
Wands
 f - a wand of digging (3)
Scrolls
 b - a scroll of fog
 c - a scroll of magic mapping
 d - a scroll of amnesia {unknown}


   Skills:
 + Level 3.8 Fighting
 * Level 2.9 Polearms
 - Level 2.1 Dodging
 - Level 4.5 Stealth


You had 2 spell levels left.
You didn't know any spells.
Your spell library was empty.

Dungeon Overview and Level Annotations

Branches:
Dungeon (5/15)             Temple (0/1) D:4

Altars:

Annotations:
D:2 Ijyb, Jessica


Innate Abilities, Weirdness & Mutations

Your plain brown scales are hard. (AC +5)
You cannot fit into any form of body armour.
You are cold-blooded and may be slowed by cold attacks.


Message History

You see here a ball python corpse.
A hobgoblin comes into view.
Ijyb screams, "Me stronger than you!" The hobgoblin hits you.
* * * LOW HITPOINT WARNING * * *
The hobgoblin shouts!
The hobgoblin hits you.
* * * LOW HITPOINT WARNING * * *
Found a heavily runed cloak.
Ijyb grins evilly.
Ijyb screams, "Me kill you!" 2 jackals, a kobold and Jessica come into view.
The jackal moves out of view.
You closely miss the hobgoblin.
Jessica shouts!
The kobold shouts!
The kobold throws a stone.
The stone barely misses you. The hobgoblin hits you.
* * * LOW HITPOINT WARNING * * *
The jackal barks! x2
You hit the hobgoblin but do no damage.
You hear a shout!
The hobgoblin misses you.
You hit the hobgoblin.
Your tail-slap misses the hobgoblin.
The hobgoblin is moderately wounded.
A jackal comes into view.
A hobgoblin comes into view.
The hobgoblin hits you but does no damage.
The jackal barks!
You hit the hobgoblin.
You kill the hobgoblin!
Jessica shouts, "You're disturbing me!
I'll have to kill you!"
Jessica gestures wildly while chanting.
Jessica blinks!
You see here a hobgoblin corpse.
You barely miss Ijyb.
Ijyb is severely wounded.
Ijyb hits you with a +0 club.
* * * LOW HITPOINT WARNING * * *
You barely miss Ijyb. You tail-slap Ijyb.
Ijyb is almost dead.
The kobold hits you but does no damage. Ijyb hits you with a +0 club.
You die...

#############..♣♣
#.....♣# #.###.♣
#######.##..♣#
#..†.##.##!..♣♣
...#######.##.##..g.....
.hhh..h.##g##.##.##.....
#####K##.##[g..#######
#...#@##.#########
#...g.##.gg......#
#..###.#########.##.#
#............#......#
#.####.#####g#.###..#
#.# #...#[#..# ..#
#.#.###..# ####
#.#.g.g..# ######...#


You could see Ijyb, a jackal and a kobold.

Vanquished Creatures
  A howler monkey skeleton (D:4)
  An adder (D:3)
  A goblin (D:4)
  A hobgoblin (D:2)
  5 jackals
  A kobold (D:4)
  3 ball pythons
13 creatures vanquished.

Notes
Turn   | Place    | Note
-------+----------+-------------------------------------------
     0 | D:5      | PlayingRandomsOnly the Draconian Delver began the quest for
                  | the Orb.
     0 | D:5      | Reached XP level 1. HP: 19/19 MP: 1/1
    30 | D:5      | Noticed an ice beast
    34 | D:5      | Noticed a hound
   110 | D:4      | Reached XP level 2. HP: 7/26 MP: 2/2
   394 | D:3      | Noticed Ijyb
   532 | D:3      | Reached XP level 3. HP: 21/33 MP: 3/3
   721 | D:2      | Noticed Jessica
   728 | D:2      | Slain by Ijyb

Illustrated notes

Levels and vault maps discovered:
D:2:      layout_basic, hellmonk_ecumenical_altar_watching_god,
          grunt_ministairs_12, minmay_stone_trees_small, item_on_display_a,
          uniq_robin, uniq_jessica
D:3:      layout_loops_ring, uniq_ijyb
D:4:      layout_rooms, minmay_temple_entry_statues_fountains
D:5:      layout_gridville, nicolae_tso_carved_into_rock, nicolae_wormholes

Skill      XL: |  1 |
---------------+----+-----
Dodging        | 2 |  2.1
Fighting       | |  3.8
Polearms       | |  2.9
Stealth        | |  4.5

Action                   || total
-------------------------++-------
Melee: Spear             ||    97
       Tailslap          ||     8
  Use: Scroll            ||     3
       Potion            ||     1
 Stab: Sleeping          ||     4
Armor: Skin              ||    25
Dodge: Dodged            ||    43

Table legend: (Time is in decaauts)
 A = Elapsed time spent in this place.
 B = Non-inter-level travel time spent in this place.
 C = Inter-level travel time spent in this place.
 D = Time resting spent in this place.
 E = Time spent auto-exploring this place.
 F = Levels seen in this place.
 G = Mean time per level.
                   A        B        C        D        E       F      G
               +--------+--------+--------+--------+--------+-----+--------+
         Total |    709 |    709 |      0 |    262 |      0 |   4 |  177.2 |
       Dungeon |    709 |    709 |      0 |    262 |      0 |   4 |  177.2 |
               +--------+--------+--------+--------+--------+-----+--------+

Top non-repeatable levels by time:
     D:4: 415 daAuts
     D:3: 132 daAuts
     D:2: 107 daAuts
     D:5: 54 daAuts
